 Dungeon Crawl Stone Soup version 0.28.0-43-g3370ac3207 (webtiles) character file.

Game seed: 9410232338033271523

33 honds19 the Sneak (level 3, -6/19 HPs)
             Began as a Kobold Enchanter on Mar 2, 2022.
             Killed from afar by Natasha (8 damage)
             ... with a magic dart
             ... on level 1 of the Dungeon on Mar 3, 2022.
             The game lasted 00:10:09 (1056 turns).

honds19 the Sneak (Kobold Enchanter)                Turns: 1056, Time: 00:10:10

Health: -6/19      AC:  3    Str:  5    XL:     3   Next: 47%
Magic:  6/6        EV: 14    Int: 16    God:
Gold:   22         SH:  0    Dex: 17    Spells: 4/6 levels left

rFire   . . .      SeeInvis .   a - +1 dagger
rCold   . . .      Faith    .   (no shield)
rNeg    . . .      Spirit   .   f - +0 leather armour
rPois   .          Reflect  .   (no helmet)
rElec   .          Harm     .   (no cloak)
rCorr   .          Rampage  .   (no gloves)
Will    .....                   (no boots)
Stlth   ++++......              (no amulet)
HPRegen 0.06/turn               (no ring)
MPRegen 0.10/turn               (no ring)

@: slowed, very slow
A: small, no large weapons, nightstalker 3
a: no special abilities


You were on level 1 of the Dungeon.
You visited 1 branch of the dungeon, and saw 2 of its levels.

You collected 22 gold pieces.

Inventory:

Hand Weapons
 a - a +1 dagger (weapon)
Armour
 b - a +0 robe
 f - a +0 leather armour (worn)
Scrolls
 d - a scroll of enchant weapon {unknown}
 h - a scroll of identify {unknown}
Potions
 c - a potion of invisibility
 e - a potion of flight {unknown}
 g - a potion of curing {unknown}


   Skills:
 + Level 2.6 Short Blades
 + Level 3.2 Dodging
 + Level 4.7 Stealth
 - Level 2.1 Spellcasting
 - Level 3.0 Hexes


You had 4 spell levels left.
You knew the following spells:

 Your Spells              Type           Power      Damage    Failure   Level
a - Ensorcelled Hibernat  Hex/Ice        12%        N/A       28%         2

Your spell library contained the following spells:

 Spells                   Type           Power      Damage    Failure   Level
 Confusing Touch          Hex            11%        N/A       30%         3
 Tukima's Dance           Hex            11%        N/A       30%         3
 Dazzling Flash           Conj/Hex       12%        N/A       50%         3
 Ignite Poison            Fire/Tmut/Pois 1%         N/A       71%         3
 Mephitic Cloud           Conj/Pois/Air  1%         N/A       71%         3
 Freezing Cloud           Conj/Ice/Air   0%         6-21      100%        5


Dungeon Overview and Level Annotations

Branches:
Dungeon (2/15)

Altars:

Shops:
D:1 ![

Annotations:
D:1 Natasha
D:2 Robin


Innate Abilities, Weirdness & Mutations

You are small and have problems with some larger weapons.
You are completely attuned to the shadows.


Message History

You kill the goblin!
The goblin hits you but does no damage.
You see here a +0 dagger.
Natasha, Servant of Life and Death comes into view.
Natasha hisses angrily.
The goblin shoots a stone.
The stone hits you.
You hit the goblin.
You kill the goblin!
The goblin shoots a stone.
The stone closely misses you. Natasha claws you but does no damage.
Things that are here:
a +0 dagger; a +0 dagger; a goblin corpse Natasha wildly gestures.
Natasha's front paws start to glow.
Natasha closely misses you.
There is a stone staircase leading up, spattered with blood here.
Natasha casts a spell at you.
You feel yourself slow down.
You climb upwards.
There is a stone staircase leading down here.
Natasha closely misses you.
You hit Natasha but do no damage. Natasha barely misses you.
You barely miss Natasha. Natasha claws you. Natasha misses you.
You hit Natasha but do no damage. Natasha closely misses you.
You hit Natasha.
Natasha is lightly wounded.
Natasha barely misses you.
You barely miss Natasha.
Natasha is lightly wounded.
Natasha claws you!
You closely miss Natasha.
Natasha is lightly wounded.
Natasha closely misses you. x2
You hit Natasha but do no damage.
Natasha is lightly wounded.
Natasha claws you.
* * * LOW HITPOINT WARNING * * *
Natasha casts a spell at you. The magic dart hits you!
You die...

.# #...### #..# .# #'#...#
#..# .#
#.#...#####(####### .#
#.#...............#
+#####∩#...............#
...##..#...............#
...##..#...............#
....##>#...............#
....##.#........@..#'#####
....+#.#........h>.#P...P#
....##'#...........#8###.#
....#..............#...#.#
#...#.............##.#.#.#
#...#............##.P#.'P#
#...#......#######._.#####
#...######## #.'P#..###
#...# #.#.#.##.#


You could see Natasha.

Vanquished Creatures
  2 dart slugs (D:1)
  3 bats (D:1)
  2 endoplasms (D:1)
  7 goblins
  2 hobgoblins (D:1)
  4 kobolds
  3 ball pythons (D:1)
  2 frilled lizards
  2 rats (D:1)
27 creatures vanquished.

Vanquished Creatures (others)
  A plant (D:1)
1 creature vanquished.

Grand Total: 28 creatures vanquished

Notes
Turn   | Place    | Note
-------+----------+-------------------------------------------
     0 | D:1      | honds19 the Kobold Enchanter began the quest for the Orb.
     0 | D:1      | Reached XP level 1. HP: 10/10 MP: 3/3
    40 | D:1      | Found a faded altar of an unknown god.
   158 | D:1      | Found Juzoidi's Distillery.
   212 | D:1      | Reached XP level 2. HP: 15/15 MP: 5/5
   600 | D:1      | Reached XP level 3. HP: 19/19 MP: 6/6
   605 | D:1      | Found Luto's Armour Shoppe.
   789 | D:1      | Learned a level 2 spell: Ensorcelled Hibernation
   938 | D:2      | Noticed Robin
  1042 | D:2      | Noticed Natasha
  1056 | D:1      | Killed from afar by Natasha

Illustrated notes

Levels and vault maps discovered:
D:1:      ncdulo_smallfort, layout_basic, shapermc_ecumenical_altar_ellora,
          serial_shops, nicolae_shop_hallway_stairs, shop
D:2:      layout_basic, uniq_robin, uniq_sigmund, uniq_jessica, uniq_natasha

Skill      XL: |  1  2 |
---------------+-------+-----
Short Blades   | 2 |  2.6
Dodging        | 3 |  3.2
Stealth        | |  4.7
Spellcasting   | |  2.1
Hexes          | |  3.0

Action                   || total
-------------------------++-------
Melee: Dagger            ||    87
 Stab: Sleeping          ||    13
Armor: Robe              ||     8
       Leather armour    ||    14
Dodge: Dodged            ||    67
